 Dungeon Crawl Stone Soup version 0.18-a0-116-g2d311b1 (webtiles) character file.

64 Proton the Covered (level 3, -6/33 HPs)
             Began as a Deep Dwarf Fighter on Nov 16, 2015.
             Mangled by an orc warrior
             ... wielding a +0 dire flail
              (21 damage)
             ... on level 3 of the Dungeon.
             The game lasted 00:02:35 (1626 turns).

Proton the Covered (Deep Dwarf Fighter)             Turns: 1626, Time: 00:02:35

Health: -6/33      AC:  8    Str: 20    XL:     3   Next: 91%
Magic:  3/3        EV:  9    Int:  8    God:
Gold:   93         SH:  0    Dex: 12    Spells: 0 memorised, 2 levels left

rFire  . . .     SeeInvis .     a - +0 war axe
rCold  . . .     Clarity  .     b - +0 scale mail
rNeg   . . .     SustAt   .     (no shield)
rPois  .         Gourm    .     (no helmet)
rElec  .         Spirit   .     (no cloak)
rCorr  .         Warding  .     (no gloves)
rMut   .         Stasis   .     i - +0 pair of boots
MR     .....                    (no amulet)
Stlth  ..........               (no ring)
                                (no ring)

@: non-regenerating, not resistant to hostile enchantments, extremely unstealthy
A: damage resistance, recharge devices, sense surroundings 1, slow regeneration
3
a: Device Recharging


You were on level 3 of the Dungeon.
You were not hungry.

You visited 1 branch of the dungeon, and saw 3 of its levels.

You collected 93 gold pieces.

Inventory:

Hand Weapons
 a - a +0 war axe (weapon)
Missiles
 m - 10 poisoned needles
Armour
 b - a +0 scale mail (worn)
 i - a +0 pair of boots (worn)
Jewellery
 n - an uncursed ring of ice
Wands
 e - a wand of heal wounds (5)
Scrolls
 c - 2 scrolls of identify {unknown}
 k - a scroll of recharging {unknown}
 l - a scroll of fear {unknown}
 o - a scroll of remove curse {unknown}
 p - a scroll of teleportation {unknown}
 r - a scroll of enchant weapon {unknown}
Potions
 d - a potion of might
 g - 3 potions of curing {unknown}
 h - a potion of agility {unknown}
 j - a potion of haste {unknown}
Comestibles
 f - a bread ration
 q - a beef jerky
 s - a meat ration


   Skills:
 - Level 2.6 Fighting
 * Level 4.0 Axes
 + Level 4.1 Armour
   Level 3.2 Shields


You had 2 spell levels left.
You didn't know any spells.

Dungeon Overview and Level Annotations

Branches:
Dungeon (3/15)

Altars:
Xom


Innate Abilities, Weirdness & Mutations

You are resistant to damage.
You can recharge devices by infusing magical energy.
You passively map a small area around you.
You do not regenerate naturally.


Message History

You kill the bat!
You barely miss the orc wizard.
The orc wizard is lightly wounded.
The hobgoblin closely misses you.
You barely miss the orc wizard.
The orc wizard is lightly wounded.
You hit the hobgoblin.
The hobgoblin is moderately wounded.
The orc wizard closely misses you.
You hit the hobgoblin.
You kill the hobgoblin!
You closely miss the orc wizard.
The orc wizard is lightly wounded.
The orc wizard mumbles some strange words.
The orc wizard seems to speed up.
You hit the orc warrior.
The orc warrior is moderately wounded.
The orc warrior hits you with a dire flail!!
Ouch! That really hurt!
You die...

,#.* #..#..>...,
#.##..#....... ,
, * *
#...b......! *
*#.......... * ,
* * #.<# ... * *
#..#,,... , ,** ,
, #..####.####.#
,
,,,.......oo....#
, * ##### #@# * *
, * #.# #.# #.# ,
* * #.# ** * * ,
#.# * * #.. ,, ,
* ###, , , * ,


You could see an orc warrior and an orc wizard.

Vanquished Creatures
  3 adders (D:2)
  2 worms (D:2)
  2 orcs (D:3)
  6 goblins
  5 hobgoblins
  3 kobolds
  3 bats
  2 quokkas (D:2)
  5 rats
31 creatures vanquished.

Notes
Turn   | Place    | Note
--------------------------------------------------------------
     0 | D:1      | Proton the Deep Dwarf Fighter began the quest for the Orb.
     0 | D:1      | Reached XP level 1. HP: 20/20 MP: 1/1
   408 | D:1      | Reached XP level 2. HP: 24/27 MP: 2/2
  1094 | D:2      | Found a shimmering altar of Xom.
  1124 | D:2      | Reached XP level 3. HP: 29/33 MP: 3/3
  1582 | D:2      | Reached skill level 4 in Armour
  1587 | D:3      | Noticed an orc warrior
  1626 | D:3      | Mangled by an orc warrior

Vault maps used:
D:1:      sevenhm_arrival_forest_fort_small_3
D:2:      first_bread, corexii_item_surrounded_by_moat, xom_teletrap_fun
D:3:      old_standard_altar, minivault_24, serial_bayou_pond_e,
          kennysheep_generic_room_13

Action                   || total
-------------------------++-------
Melee: War axe           ||   100
  Eat: Bread ration      ||     1
